 Dungeon Crawl Stone Soup version 0.20.0-14-g326068f (webtiles) character file.

59840 Zwobot the Destroyer (level 14, -17/93 HPs)
             Began as an Octopode Conjurer on June 8, 2017.
             Was a High Priest of Sif Muna.
             Hit by a large rock thrown by a stone giant (37 damage)
             ... on level 1 of the Orcish Mines.
             The game lasted 02:41:17 (29207 turns).

Zwobot the Destroyer (Octopode Conjurer)           Turns: 29207, Time: 02:41:17

Health: -17/93     AC:  4    Str:  4 (5)  XL:     14   Next: 96%
Magic:  35/43      EV: 26    Int: 27      God:    Sif Muna [*****.]
Gold:   925        SH:  0    Dex: 20 (21) Spells: 2/33 levels left

rFire    + . .     SeeInvis .   a - staff of power
rCold    + . .     Gourm    .   (no shield)
rNeg     . . .     Faith    +   (helmet restricted)
rPois    +         Spirit   .   o - amulet of faith
rElec    .         Reflect  .   S - ring of protection from magic
rCorr    .         Harm     .   O - ring of protection from fire
MR       +++..                  d - ring of poison resistance
Stlth    +++++.....             V - +3 ring of protection
Regen    0.3/turn               L - ring "Ulo Nodd" {+Inv MR+ Str-3 Dex+4}
MPRegen  0.3/turn               (no ring)
                                (no ring)
                                (no ring)

@: brilliant, agile, divine energy
A: almost no armour, stealthy swim, amphibious, 8 rings, constrict 8, tentacle
spike 1, camouflage 1, blurry vision 1, cold resistance 1, deterioration 1,
frail 1, gelatinous body 1
a: Stop Divine Energy, Channel Magic, Forget Spell, Renounce Religion, Evoke
Invisibility


You were on level 1 of the Orcish Mines.
You worshipped Sif Muna.
Sif Muna was extremely pleased with you.
You were very hungry.

You visited 5 branches of the dungeon, and saw 22 of its levels.
You also visited: Sewer.

You collected 1303 gold pieces.
You spent 378 gold pieces at shops.

Inventory:

Hand Weapons
 b - the +9 quarterstaff of Okawaru's Benevolence {venom, Int+2 SInv}
   (You found it on level 12 of the Dungeon)

   It poisons the flesh of those it strikes.
   It affects your intelligence (+2).
   It lets you see invisible.
 F - a +0 spear of piercing
Magical Staves
 a - an uncursed staff of power (weapon)
Jewellery
 d - a ring of poison resistance (on tentacle)
 m - an uncursed amulet of magic regeneration {unknown}
 o - an amulet of faith (around mantle)
 C - an uncursed amulet of the gourmand {unknown}
 L - the ring "Ulo Nodd" (on tentacle) {+Inv MR+ Str-3 Dex+4}
   (You found it on level 1 of the Shoals)

   [ring of dexterity]

   It affects your strength (-3).
   It affects your dexterity (+4).
   It affects your resistance to hostile enchantments.
   It lets you turn invisible.
 O - a ring of protection from fire (right tentacle)
 S - a ring of protection from magic (left tentacle)
 V - a +3 ring of protection (on tentacle)
Wands
 e - a wand of scattershot (0/9)
 f - a wand of digging (12/24)
 y - a wand of flame (21/48)
 A - a wand of iceblast (5/15)
 J - a wand of iceblast (1/15)
 M - a wand of digging (5/24)
 P - a wand of enslavement (6/24)
 U - a wand of acid (0/15)
 W - a wand of confusion (10/48)
 X - a wand of polymorph (8/24)
Scrolls
 c - 2 scrolls of fog
 n - 4 scrolls of enchant armour
 r - 2 scrolls of recharging
 s - 4 scrolls of teleportation
 u - a scroll of magic mapping
 x - 4 scrolls of blinking
 B - 6 scrolls of remove curse
Potions
 g - a potion of brilliance
 i - a potion of ambrosia
 j - 3 potions of heal wounds
 k - a potion of magic {unknown}
 q - 10 potions of flight
 t - 5 potions of might
 v - 3 potions of haste
 w - a potion of lignification
 I - a potion of resistance {unknown}
 K - 2 potions of curing
 Z - 3 potions of agility
Books
 h - Sif Muna's Catalogue of Enchantment and the Rocks
   (Sif Muna gifted it to you on level 12 of the Dungeon)

   Spells                             Type                      Level
   a - Ensorcelled Hibernation        Hexes/Ice                    2
   b - Bolt of Magma                  Conjuration/Fire/Earth       5
   c - Silence                        Hexes/Air                    5
   d - Invisibility                   Hexes                        6
   e - Lehudib's Crystal Spear        Conjuration/Earth            8
 l - a book of Power

   Spells                             Type                      Level
   a - Iskenderun's Battlesphere      Conjuration/Charms           5
   b - Venom Bolt                     Conjuration/Poison           5
   c - Bolt of Magma                  Conjuration/Fire/Earth       5
   d - Iron Shot                      Conjuration/Earth            6
   e - Orb of Destruction             Conjuration                  7
   f - Spellforged Servitor           Conjuration/Summoning        7
 z - Nauweotz's Volume of Damaging Snow
   (Sif Muna gifted it to you on level 1 of the Orcish Mines)

   Spells                             Type                      Level
   a - Stone Arrow                    Conjuration/Earth            3
   b - Sticky Flame                   Conjuration/Fire             4
   c - Throw Icicle                   Conjuration/Ice              4
   d - Bolt of Draining               Conjuration/Necromancy       5
   e - Irradiate                      Conjuration/Transmutation    5
   f - Bolt of Fire                   Conjuration/Fire             6
   g - Glaciate                       Conjuration/Ice              9
 E - a book of Misfortune

   Spells                             Type                      Level
   a - Confusing Touch                Hexes                        1
   b - Confuse                        Hexes                        3
   c - Gell's Gravitas                Translocation                3
   d - Petrify                        Transmutation/Earth          4
   e - Metabolic Englaciation         Hexes/Ice                    5
   f - Yara's Violent Unravelling     Hexes/Transmutation          5
 G - Cerebov's Collected Works on Attacks
   (Sif Muna gifted it to you on level 11 of the Dungeon)

   Spells                             Type                      Level
   a - Conjure Flame                  Conjuration/Fire             3
   b - Static Discharge               Conjuration/Air              3
   c - Mephitic Cloud                 Conjuration/Poison/Air       3
   d - Conjure Ball Lightning         Conjuration/Air              6
   e - Bolt of Fire                   Conjuration/Fire             6
   f - Iron Shot                      Conjuration/Earth            6
   g - Spellforged Servitor           Conjuration/Summoning        7
 H - the Grimoire of Displacement
   (You found it on level 6 of the Dungeon)

   Spells                             Type                      Level
   a - Shroud of Golubria             Charms/Translocation         2
   b - Recall                         Summoning/Translocation      3
   c - Gell's Gravitas                Translocation                3
   d - Teleport Other                 Translocation                3
 N - a book of Clouds

   Spells                             Type                      Level
   a - Poisonous Vapours              Poison/Air                   2
   b - Mephitic Cloud                 Conjuration/Poison/Air       3
   c - Conjure Flame                  Conjuration/Fire             3
   d - Freezing Cloud                 Conjuration/Ice/Air          6
   e - Ring of Flames                 Charms/Fire                  7
 T - a book of Frost

   Spells                             Type                      Level
   a - Freeze                         Ice                          1
   b - Throw Frost                    Conjuration/Ice              2
   c - Ozocubu's Armour               Charms/Ice                   3
   d - Throw Icicle                   Conjuration/Ice              4
   e - Summon Ice Beast               Ice/Summoning                4
Miscellaneous
 D - a lamp of fire (inert)
Comestibles
 p - 5 meat rations
 Q - 9 bread rations
 Y - 21 fruits


   Skills:
 - Level 12.4 Fighting
 + Level 9.3 Dodging
 - Level 5.6 Stealth
 - Level 10.2 Spellcasting
 + Level 12.7 Conjurations
 - Level 5.0 Hexes
 - Level 5.1 Charms
 - Level 3.0 Translocations
   Level 4.8 Ice Magic
 - Level 5.5 Air Magic
 + Level 4.7 Invocations
 - Level 5.0 Evocations


You had 2 spell levels left.
You knew the following spells:

 Your Spells              Type           Power        Failure   Level  Hunger
a - Magic Dart            Conj           ####         0%          1    None
b - Iskenderun's Battles  Conj/Chrm      ######..     1%          5    ####...
c - Iskenderun's Mystic   Conj           #######.     1%          4    None
d - Fulminant Prism       Conj/Hex       ######....   1%          4    None
e - Confuse               Hex            ######..     1%          3    None
f - Orb of Destruction    Conj           #######...   2%          7    #######
g - Force Lance           Conj/Tloc      ######..     1%          4    None
h - Mephitic Cloud        Conj/Pois/Air  ######..     1%          3    None


Dungeon Overview and Level Annotations

Branches:
Dungeon (13/15)            Temple (1/1) D:6            Lair (6/6) D:10
 Shoals (1/4) Lair:4       Spider (0/4) Lair:4        Slime (0/5) Lair:5
    Orc (1/2) D:12         Vaults (0/5) D:13

Altars:
Ashenzari
Cheibriados
Dithmenos
Elyvilon
Fedhas
Gozag
Hepliaklqana
Kikubaaqudgha
Makhleb
Nemelex Xobeh
Okawaru
Qazlal
Ru
Sif Muna
Trog
Uskayaw
Vehumet
Xom
Yredelemnul
Zin
The Shining One

Shops:
D:5 }   Shoals:1 *

Annotations:
D:6 1 runed door
Lair:4 1 exclusion
Lair:5 exclusion: 3 oklob plants
Orc:1 Harold


Innate Abilities, Weirdness & Mutations

You cannot wear most types of armour.
You are very stealthy in the water. (Stealth+)
You are amphibious.
You can wear up to eight rings at the same time.
You can use your tentacles to constrict eight enemies at once.
Your skin changes colour to match your surroundings (Stealth+).
Your rubbery body absorbs attacks. (AC +1, EV +1)
One of your tentacles bears a spike.
Scrolls take you a little longer to read.
Your flesh is cold resistant. (rC+)
Your body sometimes deteriorates upon taking damage.
You are frail. (-10% HP)


Message History

You feel clever all of a sudden.
The stone giant throws a large rock.
The large rock completely misses you.
Casting: Confuse
Confirm with . or Enter, or press ? or * to list all spells.
Aiming: Orb of Destruction
Press: ? - help, Shift-Dir - straight line, f - stone giant, p - orc
Aim: a stone giant (lightly wounded)
You are feeling very hungry.
You hear a shout!
Your warg bites the orc!
The orc dies!
Sif Muna accepts your kill.
The stone giant throws a large rock.
The large rock hits you.
An ogre comes into view. It is wielding a giant spiked club.
The stone giant throws a large rock.
The large rock hits you!!!
Ouch! That really hurt!
* * * LOW HITPOINT WARNING * * *
You see here a large rock.
The stone giant throws a large rock.
The large rock hits you!!!
You die...

..............## ###...
..........#.### #.#....
.#..........## ......#
............## ..#....
...$.........####......#
........#...#.##....$#
..h....$.#..$........#
.......$(..$...#.$..#..
...)...(@.......#.###
......§(.#.........#
.#...§§..##.##..#.##
....o##.§.....#########
#.. ..o..#§§.$....#
#$..##.o.#§...#.....#
....#..@.C*..#......#
#......o.O...........
#..........>......#.#.


You could see a stone giant, an ogre and a friendly warg.

Vanquished Creatures
  Josephine (Lair:5)
  5 vault guards (D:13)
  The ghost of pichaelthompson the Fighter, a journeyman DsGl of Hepliaklqana (D:11)
  5 hydras
  2 catoblepae
  An ogre mage (D:13)
  6 two-headed ogres
  Nergalle (Lair:3)
  An unseen horror (D:10)
  A wizard (D:13)
  An orc sorcerer (D:13)
  3 deep elf magi (D:12)
  An orb spider (Lair:4)
  2 ugly things
  3 cyclopes
  2 manticores (D:12)
  6 elephants
  2 merfolk sirens (Lair:4)
  2 molten gargoyles (D:11)
  Maurice (D:8)
  3 black mambas (Lair:5)
  3 gargoyles
  5 spiny frogs
  A centaur skeleton (D:11)
  2 kobold demonologists
  2 rime drakes
  2 komodo dragons (Lair:1)
  6 polar bears
  4 trolls
  6 slime creatures
  28 blink frogs
  2 dream sheep (D:10)
  12 hippogriffs
  A shadow (D:11)
  26 yaks
  7 wraiths
  3 wyverns
  3 hungry ghosts
  A steam dragon (D:11)
  A warg (Orc:1)
  3 soldier ants
  11 water moccasins
  9 porcupines
  17 orc warriors
  3 ice beasts
  4 sky beasts
  2 hornet zombies
  2 eyes of draining
  A black bear (D:6)
  2 necrophages
  12 ogres
  A wolf (Lair:5)
  13 centaurs
  8 crocodiles
  6 big kobolds
  13 bullfrogs
  Blork the orc (D:6)
  A scorpion (D:11)
  21 killer bees
  8 wights
  4 electric eels
  A howler monkey (D:11)
  6 crimson imps
  5 lava snakes (D:11)
  A centaur zombie (D:12)
  10 hounds
  2 quasits
  6 bullfrog skeletons
  A bullfrog zombie (D:9)
  17 jellies
  17 orc priests
  A gnoll shaman (D:7)
  18 orc wizards
  5 iguanas
  8 worker ants
  A killer bee zombie (D:8)
  A hound skeleton (D:8)
  11 gnolls
  11 adders
  3 river rats
  A shadow imp (D:10)
  7 oozes
  An adder skeleton (D:4)
  6 worms
  2 dart slugs (D:2)
  4 leopard geckos
  78 orcs
  5 ball pythons
  7 giant cockroaches
  9 goblins
  5 hobgoblins
  23 jackals
  15 kobolds
  5 quokkas
  8 bats
  11 frilled lizards
  A jackal skeleton (D:4)
  2 leopard gecko skeletons
  A quokka skeleton (D:7)
  A quokka zombie (D:7)
  13 rats
  2 fulminant prisms
  4 fungi
  3 plants
646 creatures vanquished.

Vanquished Creatures (collateral kills)
  A centaur warrior (D:13)
  Erica (Orc:1)
  A troll (D:13)
  An orc warrior (Orc:1)
  3 orcs (Orc:1)
7 creatures vanquished.

Vanquished Creatures (others)
  115 fulminant prisms
  6 fungi
  11 plants
132 creatures vanquished.

Grand Total: 785 creatures vanquished

Notes
Turn   | Place    | Note
-------+----------+-------------------------------------------
     0 | D:1      | Zwobot the Octopode Conjurer began the quest for the Orb.
     0 | D:1      | Reached XP level 1. HP: 11/11 MP: 3/3
   167 | D:1      | Reached XP level 2. HP: 17/17 MP: 0/5
   608 | D:1      | Learned a level 2 spell: Searing Ray
  1058 | D:1      | Reached XP level 3. HP: 21/21 MP: 2/6
  1394 | D:2      | Found a sparkling altar of Nemelex Xobeh.
  2153 | D:2      | Found a hazy altar of Hepliaklqana.
  2314 | D:2      | Found an iron altar of Okawaru.
  2523 | D:3      | Reached XP level 4. HP: 27/27 MP: 2/7
  2675 | D:3      | Found a glowing drain.
  2689 | Sewer    | Entered a sewer
  2716 | Sewer    | Reached skill level 5 in Conjurations
  2804 | Sewer    | Noticed a big kobold
  2836 | Sewer    | Killed a big kobold
  2836 | Sewer    | Reached XP level 5. HP: 21/31 MP: 1/9
  3082 | Sewer    | Noticed a big kobold
  3164 | Sewer    | Killed a big kobold
  3164 | Sewer    | Reached XP level 6. HP: 22/36 MP: 0/10
  3343 | Sewer    | Learned a level 4 spell: Iskenderun's Mystic Blast
  3348 | Sewer    | Learned a level 4 spell: Fulminant Prism
  3706 | D:3      | Reached skill level 1 in Hexes
  4262 | D:3      | Found a glowing golden altar of the Shining One.
  4382 | D:2      | Reached XP level 7. HP: 41/41 MP: 7/12
  4952 | D:4      | Reached skill level 1 in Fighting
  5146 | D:4      | Found a basalt altar of Yredelemnul.
  5362 | D:4      | Found a bloodstained altar of Trog.
  5363 | D:4      | Found an ancient bone altar of Kikubaaqudgha.
  5363 | D:4      | Found a snail-covered altar of Cheibriados.
  5364 | D:4      | Found a deep blue altar of Sif Muna.
  5386 | D:4      | Became a worshipper of Sif Muna the Loreminder
  5516 | D:5      | Entered Level 5 of the Dungeon
  6343 | D:5      | Reached XP level 8. HP: 47/48 MP: 9/14
  6550 | D:4      | Learned a level 3 spell: Confuse
  6658 | D:5      | Found Lumah's Gadget Shoppe.
  7100 | D:5      | Reached * piety under Sif Muna
  7582 | D:6      | Identified the Grimoire of Displacement
  7645 | D:7      | Found a glowing silver altar of Zin.
  7715 | D:6      | Reached skill level 5 in Spellcasting
  7880 | D:6      | Found a shadowy altar of Dithmenos.
  7887 | D:6      | Noticed Blork the orc
  7903 | D:6      | Killed Blork the orc
  7903 | D:6      | Reached XP level 9. HP: 57/57 MP: 5/16
  8040 | D:6      | Reached ** piety under Sif Muna
  8250 | D:6      | Found a runed door.
  8330 | D:6      | Learned a level 3 spell: Conjure Flame
  8611 | D:6      | Found a staircase to the Ecumenical Temple.
  8638 | Temple   | Entered the Ecumenical Temple
  9725 | D:7      | Found a hide-covered altar of Uskayaw.
  9840 | D:7      | Noticed a two-headed ogre
  9849 | D:7      | Killed a two-headed ogre
  9849 | D:7      | Reached skill level 5 in Hexes
  9958 | D:7      | Reached *** piety under Sif Muna
  9958 | D:7      | Reached XP level 10. HP: 65/65 MP: 11/19
 10092 | D:8      | Reached skill level 10 in Conjurations
 10130 | D:8      | Learned a level 4 spell: Force Lance
 10310 | D:8      | Noticed Maurice
 10325 | D:8      | Reached skill level 1 in Translocations
 10325 | D:8      | Killed Maurice
 10325 | D:8      | Reached skill level 5 in Fighting
 11193 | D:9      | Noticed a gargoyle
 11455 | D:9      | Killed a gargoyle
 11455 | D:9      | Reached skill level 5 in Dodging
 11981 | D:9      | Noticed a two-headed ogre
 11987 | D:9      | Killed a two-headed ogre
 12219 | D:10     | Entered Level 10 of the Dungeon
 12233 | D:10     | Reached XP level 11. HP: 71/74 MP: 22/22
 12435 | D:10     | Found a staircase to the Lair.
 12506 | D:10     | Noticed a two-headed ogre
 12612 | D:10     | Learned a level 3 spell: Mephitic Cloud
 12763 | D:10     | Killed a two-headed ogre
 13006 | D:10     | Reached **** piety under Sif Muna
 13160 | D:9      | Gained mutation: Your flesh is cold resistant. (rC+) [potion of mutation]
 13160 | D:9      | Gained mutation: You are somewhat resistant to further mutation. [potion of mutation]
 13161 | D:9      | Lost mutation: Your flesh is cold resistant. (rC+) [potion of mutation]
 13161 | D:9      | Lost mutation: You are somewhat resistant to further mutation. [potion of mutation]
 13161 | D:9      | Gained mutation: You are partially covered in iridescent scales. (AC +2) [potion of mutation]
 13161 | D:9      | Gained mutation: Your mind is acute. (Int +2) [potion of mutation]
 13161 | D:9      | Gained mutation: One of your tentacles bears a spike. [potion of mutation]
 13161 | D:9      | Gained mutation: Your mind is very acute. (Int +4) [potion of mutation]
 13162 | D:9      | Lost mutation: Your mind is very acute. (Int +4) [potion of mutation]
 13162 | D:9      | Lost mutation: You are partially covered in iridescent scales. (AC +2) [potion of mutation]
 13162 | D:9      | Lost mutation: Your mind is acute. (Int +2) [potion of mutation]
 13162 | D:9      | Gained mutation: Scrolls take you a little longer to read. [potion of mutation]
 13162 | D:9      | Gained mutation: Your flesh is cold resistant. (rC+) [potion of mutation]
 13186 | Lair:1   | Entered Level 1 of the Lair of Beasts
 13191 | Lair:1   | Reached skill level 1 in Evocations
 13913 | Lair:1   | Reached skill level 5 in Evocations
 15320 | Lair:3   | Reached XP level 12. HP: 86/87 MP: 7/24
 15362 | Lair:3   | Reached skill level 10 in Fighting
 15574 | Lair:3   | Noticed an eight-headed hydra
 15610 | Lair:3   | Noticed Nergalle
 15630 | Lair:3   | Killed Nergalle
 15669 | Lair:3   | Killed an eight-headed hydra
 16410 | Lair:4   | Noticed a seven-headed hydra
 16420 | Lair:4   | Killed a seven-headed hydra
 16608 | Lair:4   | Found a hole to the Spider Nest.
 17079 | Lair:4   | Found a staircase to the Shoals.
 17390 | Lair:5   | Found a staircase to the Slime Pits.
 17712 | Lair:5   | Reached skill level 1 in Air Magic
 18519 | Lair:5   | Reached skill level 5 in Stealth
 18656 | Lair:5   | Noticed a catoblepas
 18668 | Lair:5   | Killed a catoblepas
 18668 | Lair:5   | Reached ***** piety under Sif Muna
 18668 | Lair:5   | Reached XP level 13. HP: 98/98 MP: 0/25
 18743 | Lair:5   | Learned a level 6 spell: Freezing Cloud
 19086 | Lair:5   | Reached skill level 1 in Ice Magic
 19093 | Lair:5   | Received a gift from Sif Muna
 19300 | Lair:6   | Entered Level 6 of the Lair of Beasts
 19758 | Lair:6   | Noticed Josephine
 20657 | Lair:5   | Reached skill level 5 in Air Magic
 20853 | Shoals:1 | Entered Level 1 of the Shoals
 20865 | Shoals:1 | Found Wotwaeg's General Store.
 20867 | Shoals:1 | Got a faintly glowing brass ring
 20869 | Shoals:1 | Bought a +3 ring of protection for 378 gold pieces
 20870 | Shoals:1 | Identified the ring "Ulo Nodd" {+Inv MR+ Str-3 Dex+4} (You found it on level 1 of the Shoals)
 21809 | D:11     | Found a shadowy altar of Dithmenos.
 21945 | D:11     | Noticed pichaelthompson's ghost (journeyman DsGl)
 22133 | D:11     | Identified Cerebov's Collected Works on Attacks (Sif Muna gifted it to you on level 11 of the Dungeon)
 22133 | D:11     | Received a gift from Sif Muna
 22753 | D:10     | Learned a level 5 spell: Iskenderun's Battlesphere
 22792 | D:10     | Reached skill level 1 in Charms
 23381 | D:11     | Killed pichaelthompson's ghost
 23747 | D:12     | Reached skill level 5 in Charms
 23808 | D:12     | Got a translucent quarterstaff
 23893 | D:12     | Identified the +9 quarterstaff of Okawaru's Benevolence {venom, Int+2 SInv} (You found it on level 12 of the Dungeon)
 24475 | Lair:6   | Reached XP level 14. HP: 64/104 MP: 11/27
 24754 | Lair:5   | Learned a level 7 spell: Orb of Destruction
 24772 | Lair:5   | HP: 1/104 [Josephine/dagger (10)]
 24773 | Lair:5   | Killed Josephine
 25523 | D:12     | Identified Sif Muna's Catalogue of Enchantment and the Rocks (Sif Muna gifted it to you on level 12 of the Dungeon)
 25523 | D:12     | Received a gift from Sif Muna
 26667 | D:12     | Found a staircase to the Orcish Mines.
 26732 | D:12     | Reached skill level 1 in Invocations
 27717 | D:13     | Gained mutation: You are frail. (-10% HP) [mutagenic meat]
 27718 | D:13     | Gained mutation: Your body sometimes deteriorates upon taking damage. [mutagenic meat]
 28725 | D:13     | Found a gate to the Vaults.
 28743 | D:13     | Reached skill level 10 in Spellcasting
 29136 | Orc:1    | Entered Level 1 of the Orcish Mines
 29136 | Orc:1    | Noticed Harold
 29138 | Orc:1    | Noticed Erica
 29138 | Orc:1    | Noticed a stone giant
 29159 | Orc:1    | Identified Nauweotz's Volume of Damaging Snow (Sif Muna gifted it to you on level 1 of the Orcish Mines)
 29159 | Orc:1    | Received a gift from Sif Muna
 29167 | Orc:1    | Killed Erica
 29207 | Orc:1    | Hit by a large rock thrown by a stone giant

Skill      XL: |  1  2  3  4  5  6  7  8  9 10 11 12 13 14 |
---------------+-------------------------------------------+-----
Stealth        | 3 5 |  5.6
Conjurations   | 5 6 7 8 9 10 11 12 | 12.7
Dodging        | 3 4 6 7 9 |  9.3
Spellcasting   | 3 4 5 6 7 8 9 10 | 10.2
Hexes          | 1 2 3 5 |  5.0
Fighting       | 1 3 4 6 9 12 | 12.4
Translocations | 3 |  3.0
Evocations     | 5 |  5.0
Air Magic      | 2 5 |  5.5
Ice Magic      | 4 |  4.8
Charms         | 5 |  5.1
Invocations    | 4 |  4.7

Action                   |  1- 3 |  4- 6 |  7- 9 | 10-12 | 13-15 || total
-------------------------+-------+-------+-------+-------+-------++-------
Melee: Constrict         |     2 |     3 |    20 |     5 |    15 ||    45
       Tentacles         |     2 |     1 |    16 |     3 |    14 ||    36
       Unarmed           |     1 |       |       |       |       ||     1
       Quarterstaff      |     2 |    15 |    38 |    15 |    78 ||   148
       Spear             |       |       |    53 |    16 |       ||    69
       Staff             |       |       |       |    10 |     4 ||    14
       Kick              |       |       |       |     9 |    26 ||    35
Throw: Stone             |       |    33 |       |       |       ||    33
       Javelin           |       |       |       |       |    12 ||    12
 Cast: Magic Dart        |    80 |    69 |   156 |    99 |   202 ||   606
       Searing Ray       |     1 |     7 |    16 |     2 |       ||    26
       Iskenderun's Myst |       |     2 |    21 |   212 |   257 ||   492
       Fulminant Prism   |       |     1 |    24 |    58 |    36 ||   119
       Confuse           |       |       |    17 |    18 |    38 ||    73
       Conjure Flame     |       |       |     2 |     6 |     2 ||    10
       Force Lance       |       |       |       |    35 |    13 ||    48
       Mephitic Cloud    |       |       |       |     3 |    30 ||    33
       Iskenderun's Batt |       |       |       |       |    64 ||    64
       Orb of Destructio |       |       |       |       |     2 ||     2
Invok: Divine Energy     |       |       |     1 |       |       ||     1
       Forget Spell      |       |       |       |       |     2 ||     2
       Channel Magic     |       |       |       |       |     1 ||     1
Evoke: Wand              |       |       |     2 |    18 |    36 ||    56
       Lamp of fire      |       |       |       |       |     3 ||     3
       Box of beasts     |       |       |       |       |     2 ||     2
  Use: Potion            |       |     3 |     4 |     5 |     9 ||    21
       Scroll            |       |     2 |     2 |    18 |    12 ||    34
 Stab: Confused          |       |       |     3 |       |     9 ||    12
  Eat: Chunk             |     4 |     5 |    15 |    35 |    47 ||   106
       Royal jelly       |     1 |       |     1 |     4 |     5 ||    11
       Bread ration      |       |       |     2 |     1 |       ||     3
       Meat ration       |       |       |       |     1 |       ||     1
       Fruit             |       |       |       |       |    11 ||    11
Armor: Skin              |       |       |     8 |     1 |    13 ||    22
Dodge: Dodged            |     5 |    18 |    95 |   108 |   211 ||   437
